 Dungeon Crawl Stone Soup version 0.28.0-43-g3370ac3207 (webtiles) character file.

Game seed: 9800760176632364810

89 Kaptain the Digger (level 4, 0/26 HPs)
             Began as a Gargoyle Earth Elementalist on Mar 17, 2022.
             Slain by an adder (4 damage)
             ... on level 2 of the Dungeon.
             The game lasted 00:04:42 (2733 turns).

Kaptain the Digger (Gargoyle Earth Elementalist)    Turns: 2733, Time: 00:04:43

Health: 0/26       AC:  6    Str: 12    XL:     4   Next: 55%
Magic:  1/7        EV: 11    Int: 17    God:
Gold:   121        SH:  0    Dex: 10    Spells: 4/8 levels left

rFire   + . .      SeeInvis .   i - +0 short sword
rCold   . . .      Faith    .   (no shield)
rNeg    + . .      Spirit   .   k - +0 leather armour {rF+}
rPois   ∞          Reflect  .   (no helmet)
rElec   +          Harm     .   (no cloak)
rCorr   .          Rampage  .   (no gloves)
Will    .....                   (no boots)
Stlth   ++........              (no amulet)
HPRegen 0.08/turn               (no ring)
MPRegen 0.10/turn               (no ring)

@: hasted, very quick
A: sickness immunity, AC +3, negative energy resistance 1, electricity
resistance, torment resistance 1, petrification resistance
a: no special abilities


You were on level 2 of the Dungeon.
You visited 1 branch of the dungeon, and saw 3 of its levels.

You collected 121 gold pieces.

Inventory:

Hand Weapons
 c - a +0 trident
 h - a +0 hunting sling
 i - a +0 short sword (weapon)
Missiles
 j - 6 poisoned darts
Armour
 k - a +0 leather armour of fire resistance (worn)
Scrolls
 a - 5 scrolls of identify
 e - a scroll of amnesia {unknown}
 f - a scroll of noise {unknown}
Potions
 g - a potion of haste


   Skills:
 * Level 1.7 Fighting
 + Level 0.5 Armour
 + Level 1.8 Dodging
 + Level 2.5 Stealth
 * Level 2.6 Spellcasting
 * Level 1.5 Conjurations
 - Level 0.7 Transmutations
 * Level 4.3 Earth Magic


You had 4 spell levels left.
You knew the following spells:

 Your Spells              Type           Power      Damage    Failure   Level
a - Sandblast             Erth           34%        2d9       3%          1
b - Stone Arrow           Conj/Erth      24%        3d8       21%         3

Your spell library contained the following spells:

 Spells                   Type           Power      Damage    Failure   Level
 Passwall                 Tmut/Erth      8%         N/A       12%         2
 Tukima's Dance           Hex            2%         N/A       56%         3
 Petrify                  Tmut/Erth      10%        N/A       63%         4
 Anguish                  Hex/Necr       1%         N/A       93%         4
 Enfeeble                 Hex            1%         N/A       100%        7


Dungeon Overview and Level Annotations

Branches:
Dungeon (3/15)

Altars:


Innate Abilities, Weirdness & Mutations

You are immune to sickness and miasma.
Your stone body is resilient. (AC +3)
You are immune to poison.
You resist negative energy. (rN+)
You are resistant to electric shocks. (rElec)
You are resistant to unholy torment.
You are immune to petrification.


Message History

Confirm with . or Enter, or press ? or * to list all spells.
The spell is quite dangerous to miscast (21% risk of failure)!
Continue anyway?
Okay, then.
Unknown command.
Casting: Stone Arrow (quite dangerous; 21% risk of failure)
Confirm with . or Enter, or press ? or * to list all spells.
The spell is quite dangerous to miscast (21% risk of failure)!
Continue anyway?
Aiming: Stone Arrow (quite dangerous; 21% risk of failure)
Press: ? - help, Shift-Dir - straight line, f - adder
Aim: an adder (48% to hit)
The adder bites you but does no damage.
Unknown command.
Unknown command.
Casting: Stone Arrow (quite dangerous; 21% risk of failure)
Confirm with . or Enter, or press ? or * to list all spells.
The spell is quite dangerous to miscast (21% risk of failure)!
Continue anyway?
Aiming: Stone Arrow (quite dangerous; 21% risk of failure)
Press: ? - help, Shift-Dir - straight line, f - adder
Aim: an adder (48% to hit)
The stone arrow misses the adder.
The adder bites you.
* * * LOW HITPOINT WARNING * * *
Unknown command.
You feel yourself speed up. The adder barely misses you.
The adder bites you but does no damage.
Unknown command.
Casting: Stone Arrow (quite dangerous; 21% risk of failure)
Confirm with . or Enter, or press ? or * to list all spells.
You don't have enough magic to cast this spell.
An adder is nearby!
Unknown command.
Unknown command.
Unknown command.
You barely miss the adder. The adder bites you but does no damage.
Unknown command.
i - a +0 short sword (weapon)
Unknown command.
You hit the adder.
The adder is heavily wounded.
The adder bites you.
You die...

#...#..................
#....................).
#...#..................
#...##............##..#
#####..............#####...
#.......##............##...
##...######..............#.
###.....##S.......#.#.#.#.
#####..@.....#........#.
####.....#.##.....#.
#.......###[...#.
###.#.#.###....#.
#............#.
#.............# ######
#####..###.#..#
#....######...........
#....##....<####.###..


You could see an adder.

Vanquished Creatures
  A hound (D:2)
  An adder (D:2)
  A worm (D:2)
  A dart slug (D:1)
  An orc (D:3)
  4 endoplasms
  2 giant cockroaches
  11 goblins
  2 hobgoblins
  2 jackals (D:1)
  A quokka (D:1)
  4 ball pythons
  A bat (D:1)
  4 kobolds
  5 rats
41 creatures vanquished.

Notes
Turn   | Place    | Note
-------+----------+-------------------------------------------
     0 | D:1      | Kaptain the Gargoyle Earth Elementalist began the quest for
                  | the Orb.
     0 | D:1      | Reached XP level 1. HP: 10/10 MP: 3/3
   199 | D:1      | Found a faded altar of an unknown god.
   298 | D:1      | Reached XP level 2. HP: 15/15 MP: 1/5
   798 | D:1      | Reached skill level 4 in Earth Magic
   882 | D:1      | Reached skill level 1 in Fighting
  1048 | D:2      | Reached XP level 3. HP: 20/20 MP: 4/6
  1052 | D:2      | Learned a level 3 spell: Stone Arrow
  1083 | D:2      | Reached skill level 1 in Conjurations
  1317 | D:2      | Reached XP level 4. HP: 11/25 MP: 7/7
  2733 | D:2      | Slain by an adder

Illustrated notes

Levels and vault maps discovered:
D:1:      minmay_arrival_three_doors, layout_loops_ring,
          shapermc_ecumenical_altar_hornbeckon
D:2:      layout_rooms, minmay_goblin_outpost
D:3:      layout_loops_corners, beargit_hepliaklqana_dungeon_heroes, uniq_ijyb

Skill      XL: |  1  2  3 |
---------------+----------+-----
Earth Magic    | 4 |  4.3
Fighting       | 1 |  1.7
Conjurations   | 1 |  1.5
Armour         | |  0.5
Dodging        | |  1.8
Stealth        | |  2.5
Spellcasting   | |  2.6
Transmutations | |  0.7

Action                   |  1- 3 |  4- 6 || total
-------------------------+-------+-------++-------
Melee: Short sword       |    29 |     1 ||    30
       Unarmed           |     5 |       ||     5
       Trident           |       |    78 ||    78
       Punch             |       |     1 ||     1
 Cast: Sandblast         |    30 |       ||    30
       Stone Arrow       |       |     2 ||     2
  Use: Scroll            |       |     1 ||     1
       Potion            |       |     1 ||     1
 Stab: Sleeping          |       |     2 ||     2
Armor: Leather armour    |    18 |    47 ||    65
Dodge: Dodged            |    26 |    44 ||    70
